 Dungeon Crawl Stone Soup version 0.30-a0-779-g7971cf19c3 (webtiles) character file.

Game seed: 513587456441440817

2515 bande the Chopper (level 9, -3/55 HPs)
             Began as a Gargoyle Fighter on Feb 18, 2023.
             Killed from afar by Maggie (30 damage)
             ... with a bolt of fire
             ... on level 7 of the Dungeon.
             The game lasted 00:09:34 (6291 turns).

bande the Chopper (Gargoyle Fighter)                Turns: 6291, Time: 00:09:34

Health: -3/55      AC: 24    Str: 20    XL:     9   Next: 54%
Magic:  9/9        EV:  7    Int:  9    God:
Gold:   523        SH:  5    Dex: 13    Spells: 7/8 levels left

rFire   . . .      SeeInvis .    a - +1 war axe
rCold   . . .      Faith    .    c - +0 buckler
rNeg    + . .      Spirit   .    l - +0 chain mail
rPois   ∞          Reflect  .    (no helmet)
rElec   +          Harm     .    (no cloak)
rCorr   .          Rampage  .    s - +1 pair of gloves
Will    .....                    t - +0 pair of boots Stlth
                                 (no amulet)
HPRegen 0.29/turn                h - ring of flight
MPRegen 0.11/turn                i - +4 ring of protection

@: flying, mesmerised
A: sickness immunity, AC +6, negative energy resistance 1, electricity
resistance, torment resistance 1, petrification resistance
a: no special abilities


You were on level 7 of the Dungeon.
You visited 1 branch of the dungeon, and saw 7 of its levels.
You also visited: Ossuary.

You collected 523 gold pieces.

Inventory:

Hand Weapons
 a - a +1 war axe (weapon)
 z - a +2 flail of draining
Missiles
 n - a throwing net (quivered)
Armour
 c - a +0 buckler (worn)
 l - a +0 chain mail (worn)
 s - a +1 pair of gloves (worn)
 t - a +0 pair of boots (worn)
Jewellery
 e - a ring of magical power
 h - a ring of flight (left hand)
 i - a +4 ring of protection (right hand)
 k - a ring of resist corrosion
Wands
 d - a wand of digging (11)
 j - a wand of polymorph (5)
 u - a wand of flame (16)
 v - a wand of roots (2)
Scrolls
 b - a scroll of blinking
 f - a scroll of teleportation
 g - a scroll of amnesia
 A - a scroll of fear
Potions
 m - a potion of flight
 o - 2 potions of mutation
 q - 3 potions of brilliance
 r - a potion of berserk rage {unknown}
 w - 3 potions of might
 x - 3 potions of haste
 B - a potion of degeneration {unknown}


   Skills:
 + Level 5.7 Fighting
 + Level 7.7 Axes
 + Level 5.9 Armour
 - Level 0.2 Dodging
 + Level 4.9 Shields
 * Level 4.0 Translocations
 * Level 3.8 Evocations


You had 7 spell levels left.
You knew the following spells:

 Your Spells              Type           Power      Damage    Failure   Level
a - Apportation           Tloc           14%        N/A       67%         1

Your spell library contained the following spells:

 Spells                   Type           Power      Damage    Failure   Level
 Foxfire                  Conj/Fire      0%         2x1d4     99%         1
 Necrotise                Necr           0%         1d4       99%         1
 Sandblast                Erth           0%         2d4       99%         1
 Slow                     Hex            0%         N/A       99%         1
 Summon Small Mammal      Summ           0%         N/A       99%         1
 Passwall                 Tmut/Erth      0%         N/A       100%        2
 Confusing Touch          Hex            0%         N/A       100%        3
 Dazzling Flash           Conj/Hex       0%         N/A       100%        3
 Stone Arrow              Conj/Erth      0%         3d7       100%        3
 Vampiric Draining        Necr           0%         2d6       100%        3
 Iskenderun's Mystic Bla  Conj/Tloc      3%         2d3       100%        4
 Fireball                 Conj/Fire      0%         3d3       100%        5
 Iskenderun's Battlesphe  Conj           0%         2d6       100%        5
 Iron Shot                Conj/Erth      0%         9d1       100%        6
 Starburst                Conj/Fire      0%         6d3       100%        6
 Spellforged Servitor     Conj/Summ      0%         N/A       100%        7


Dungeon Overview and Level Annotations

Branches:
Dungeon (7/15)            Ossuary (visited)
 Temple: D:4-7

Altars:
Elyvilon
The Shining One

Shops:
D:2 ??*([

Annotations:
D:7 Maggie


Innate Abilities, Weirdness & Mutations

You are immune to sickness and miasma.
Your stone body is resilient. (AC +6)
You are immune to poison.
You resist negative energy. (rN+)
You are resistant to electric shocks. (rElec)
You are resistant to unholy torment.
You are immune to petrification.


Message History

Maggie is severely wounded.
You closely miss the howler monkey.
The howler monkey hoots and howls with incredible vigour!
Maggie hits you with a +2 scimitar of flaming!
Maggie burns you.
* * * LOW HITPOINT WARNING * * *
You hear a howl!
You hear an angry growl.
You hear an angry buzzing noise.
Something shouts, "Embrace thy doom, thou craven rude-growing haggard!"
You hear a shout!
You closely miss Maggie.
Maggie is severely wounded.
You closely miss the howler monkey. The howler monkey closely misses you.
An ogre comes into view. It is wielding a +0 giant spiked club.
Maggie hits you but does no damage. The howler monkey closely misses you.
You closely miss Maggie.
Maggie is severely wounded.
You slash the howler monkey! Maggie hits you but does no damage.
You block the howler monkey's attack.
You feel better. The howler monkey barely misses you.
Maggie hits you with a +2 scimitar of flaming.
* * * LOW HITPOINT WARNING * * *
Maggie burns you.
* * * LOW HITPOINT WARNING * * *
The howler monkey barely misses you.
You cannot move away from Maggie!
You cannot move away from Maggie!
Unknown command.
Okay, then.
As you read the scroll of teleportation, it crumbles to dust.
You feel strangely unstable. You block Maggie's attack.
The howler monkey hoots and howls with incredible vigour!
You hear a howl!
You hear a shout! x2
You feel better. Maggie hits you but does no damage.
The howler monkey hits you but does no damage.
You feel better.
Your surroundings seem slightly different.
Maggie points at you and mumbles some strange words.
The bolt of fire hits you!!
Ouch! That really hurt!
You die...

##............ ##
##.............
...#..............
..................
........<.O.......
..................
.......h..........
......!.@.........
..........@.......
..................
..................
..................
..................
...............#..
...####....####
..# #...##


You could see Maggie (mesmerising), an ogre and a howler monkey.

Vanquished Creatures
  Sigmund (D:2)
  Edmund (D:5)
  A water moccasin (D:4)
  An ice beast (D:6)
  3 black bears
  A centaur (D:6)
  An ogre (D:5)
  3 elf zombies (Ossuary)
  An elf skeleton (D:4)
  2 necrophages
  7 scorpions
  7 hounds
  2 human zombies (Ossuary)
  An orc priest (D:4)
  Ijyb (D:4)
  A human skeleton (D:4)
  2 iguanas (D:6)
  2 orc wizards
  4 mummies (Ossuary)
  10 adders
  6 gnolls
  A shadow imp (D:5)
  2 white imps (D:6)
  An ufetubus (D:5)
  4 dart slugs
  12 orcs
  4 bats
  7 endoplasms
  4 giant cockroaches
  A gnoll zombie (Ossuary)
  7 goblins
  6 hobgoblins
  8 jackals
  9 kobolds
  4 quokkas
  5 ball pythons
  4 frilled lizards
  A goblin zombie (Ossuary)
  A hobgoblin zombie (Ossuary)
  A jackal zombie (Ossuary)
  A kobold zombie (Ossuary)
  4 orc skeletons (D:4)
  2 orc zombies (Ossuary)
  2 rats
149 creatures vanquished.

Vanquished Creatures (others)
  3 fungi (D:6)
3 creatures vanquished.

Grand Total: 152 creatures vanquished

Notes
Turn   | Place    | Note
-------+----------+-------------------------------------------
     0 | D:1      | bande the Gargoyle Fighter began the quest for the Orb.
     0 | D:1      | Reached XP level 1. HP: 14/14 MP: 1/1
   127 | D:1      | Reached XP level 2. HP: 19/19 MP: 2/2
   446 | D:1      | Reached skill level 2 in Axes
   554 | D:1      | Reached XP level 3. HP: 24/24 MP: 3/3
   761 | D:2      | Found Xaloun's Magic Scroll Emporium.
   849 | D:2      | Found Cuhaufal's Assorted Antiques.
   968 | D:2      | Found Xepnushrooss's Antique Armour Boutique.
   982 | D:2      | Noticed Sigmund
   994 | D:2      | Killed Sigmund
   995 | D:2      | Reached skill level 4 in Axes
   995 | D:2      | Reached XP level 4. HP: 26/29 MP: 4/4
   995 | D:2      | Reached XP level 5. HP: 30/33 MP: 5/5
  1109 | D:2      | Found Mualieteudgh's Weapon Shoppe.
  1287 | D:2      | Found Xiemomi's Magic Scroll Boutique.
  1673 | D:3      | Reached XP level 6. HP: 38/38 MP: 6/6
  1673 | D:3      | Found a glowing golden altar of the Shining One.
  1891 | D:3      | Learned a level 1 spell: Apportation
  2883 | D:4      | Reached skill level 1 in Translocations
  2883 | D:4      | Reached skill level 1 in Evocations
  2894 | D:4      | Found a sand-covered staircase.
  2909 | D:4      | Reached skill level 5 in Axes
  2909 | D:4      | Reached XP level 7. HP: 38/44 MP: 7/7
  2911 | Ossuary  | Entered an ossuary
  3753 | D:4      | Found a white marble altar of Elyvilon.
  3782 | D:4      | Reached XP level 8. HP: 36/48 MP: 8/8
  3995 | D:4      | Noticed Ijyb
  4012 | D:4      | Killed Ijyb
  4108 | D:4      | Reached skill level 6 in Axes
  4456 | D:5      | Entered Level 5 of the Dungeon
  4469 | D:5      | Reached skill level 5 in Armour
  4526 | D:5      | Reached skill level 5 in Fighting
  4903 | D:5      | Noticed Edmund
  4918 | D:5      | Killed Edmund
  5332 | D:5      | Reached XP level 9. HP: 54/54 MP: 9/9
  5545 | D:6      | Reached skill level 7 in Axes
  6267 | D:7      | Noticed Maggie
  6291 | D:7      | Killed from afar by Maggie

Illustrated notes

Levels and vault maps discovered:
D:1:      minmay_arrival_four_loops, layout_basic
D:2:      layout_loops_corners, serial_shops, shop, nicolae_square_shop, shop,
          nicolae_shop_stone, nicolae_shop_hallway_stairs, minmay_tall_x,
          uniq_sigmund
D:3:      layout_loops_corners, amcnicky_altar_gilded, minmay_misc_feat_square,
          hangedman_decor_push
D:4:      layout_loops_corners, elyvilon_altar_3,
          nicolae_ossuary_entry_catacombs, uniq_ijyb
D:5:      layout_loops_corners, uniq_edmund
D:6:      layout_loops_ring, dreamdust_gnoll_farm
D:7:      layout_layer_cave, minmay_temple_entry_trees, uniq_maggie,
          uniq_menkaure

Skill      XL: |  1  2  3  4  5  6  7  8  9 |
---------------+----------------------------+-----
Axes           | 2 4 5 6 7 |  7.7
Fighting       | 4 5 |  5.7
Armour         | 4 5 |  5.9
Shields        | 4 |  4.9
Translocations | 1 2 3 4 |  4.0
Evocations     | 1 2 3 |  3.8
Dodging        | |  0.2

Action                     |  1- 3 |  4- 6 |  7- 9 || total
---------------------------+-------+-------+-------++-------
  Melee: War axe           |   100 |   119 |   355 ||   574
    Use: Potion            |     1 |       |     3 ||     4
         Scroll            |       |     9 |    10 ||    19
 Armour: Scale mail        |    61 |    71 |    56 ||   188
         Chain mail        |       |       |   225 ||   225
  Dodge: Dodged            |    46 |    55 |   129 ||   230
  Block: Buckler           |    13 |    31 |    85 ||   129

Table legend: (Time is in decaauts)
 A = Elapsed time spent in this place.
 B = Non-inter-level travel time spent in this place.
 C = Inter-level travel time spent in this place.
 D = Time resting spent in this place.
 E = Time spent auto-exploring this place.
 F = Levels seen in this place.
 G = Mean time per level.
                   A        B        C        D        E       F      G
               +--------+--------+--------+--------+--------+-----+--------+
         Total |   6444 |   6396 |     48 |    667 |   4261 |   8 |  805.5 |
       Dungeon |   5725 |   5677 |     48 |    241 |   4097 |   7 |  817.9 |
       Ossuary |    718 |    718 |      0 |    426 |    164 |   1 |  718.0 |
               +--------+--------+--------+--------+--------+-----+--------+

Top non-repeatable levels by time:
     D:3: 1071 daAuts
     D:4: 1054 daAuts
     D:5: 1049 daAuts
     D:2: 932 daAuts
     D:6: 805 daAuts
     D:1: 785 daAuts
 Ossuary: 718 daAuts
     D:7: 26 daAuts
